 Dungeon Crawl Stone Soup version 0.31.0-11-ge490571c62 (webtiles) character file.

Game seed: 1814764532543501275

203 Ashen the Ruffian (level 5, -7/45 HPs)
             Began as a Draconian Shapeshifter on Feb 1, 2024.
             Mangled by Duvessa
             ... wielding a +0 short sword
              (14 damage)
             ... on level 4 of the Dungeon.
             The game lasted 00:04:22 (2393 turns).

Ashen the Ruffian (Draconian Shapeshifter)          Turns: 2393, Time: 00:04:23

Health: -7/45      AC:  5    Str: 16    XL:     5   Next: 51%
Magic:  5/5        EV: 12    Int: 10    God:
Gold:   122        SH:  0    Dex: 13    Spells: 4/4 levels left

rFire   . .          .
                       - Unarmed
rCold   . . .        (no shield)
rNeg    . . .        (body armour unavailable)
rPois   .            (helmet currently unavailable)
rElec   .            (cloak currently unavailable)
rCorr   .            (gloves currently unavailable)
SInv    .            (boots currently unavailable)
Will    .....        (no amulet)
Stlth   +            (no ring)
HPRegen 0.27/turn    (no ring)
MPRegen 0.09/turn

%: no passive effects
@: beast-form
A: beast (slay +2), AC +5, unfitting armour, cold-blooded
a: Begin Untransformation


You were on level 4 of the Dungeon.
You were a hulking beast.
You visited 1 branch of the dungeon, and saw 4 of its levels.

You collected 122 gold pieces.

Inventory:

Talismans
 b - a beast talisman
 c - a flux talisman
Scrolls
 e - 3 scrolls of identify {unknown}
 f - 2 scrolls of poison {unknown}
 l - a scroll of enchant armour {unknown}
 m - a scroll of fear {unknown}
Potions
 a - a potion of lignification
 d - a potion of invisibility {unknown}
 g - 5 potions of might {unknown}
 h - a potion of brilliance {unknown}
 i - 4 potions of heal wounds {unknown}
 j - a potion of attraction {unknown}
 k - a potion of mutation {unknown}


   Skills:
 + Level 3.0 Fighting
 + Level 3.0 Dodging
 + Level 4.1 Unarmed Combat
 + Level 3.9 Shapeshifting


You had 4 spell levels left.
You didn't know any spells.
Your spell library contained the following spells:

 Spells                   Type           Power      Damage    Failure   Level
 Ensorcelled Hibernation  Hex/Ice        0%         N/A       50%         2
 Fugue of the Fallen      Necr           0%         N/A       75%         3
 Passwall                 Erth           0%         N/A       75%         3
 Swiftness                Air            0%         N/A       75%         3
 Anguish                  Hex/Necr       0%         N/A       98%         4


Dungeon Overview and Level Annotations

Branches:
Dungeon (4/15)
 Temple: D:4-7

Altars:
Yredelemnul

Shops:
D:1 =

Annotations:
D:3 3 runed translucent doors, blundermoth's ghost, amateur DEHs
D:4 Duvessa


Innate Abilities, Weirdness & Mutations

You are a hulking beast.
Your limbs bulge with bestial killing power. (Slay +2)
Your plain brown scales are hard. (AC +5)
You cannot fit into any form of body armour.
You are cold-blooded and may be slowed by cold attacks.


Message History

Duvessa shouts!
Duvessa goes berserk!
Things that are here:
a +2 dagger of venom; a +0 robe; a wand of polymorph (8) You're too terrified to move while being watched!
An iguana comes into view.
Duvessa closely misses you.
You release spores at Duvessa but do no damage.
You stop sporulating.
You turn into a hulking beast.
Duvessa hits you with a +0 short sword!
You hit Duvessa but do no damage.
You tail-slap Duvessa, but do no damage.
Duvessa hits you with a +0 short sword! Duvessa hits you with a +0 short sword.
You barely miss Duvessa. You punch Duvessa.
Duvessa is lightly wounded.
Duvessa closely misses you.
You don't know any spells.
Okay, then.
You hit Duvessa but do no damage.
Duvessa is lightly wounded.
Duvessa barely misses you.
You hit Duvessa but do no damage.
Duvessa is lightly wounded.
Duvessa closely misses you. Duvessa hits you but does no damage.
You hit Duvessa but do no damage.
Duvessa is lightly wounded.
Duvessa barely misses you.
You hit Duvessa but do no damage.
Duvessa is lightly wounded.
Duvessa hits you with a +0 short sword. The iguana barely misses you.
You closely miss Duvessa.
Your tail-slap misses Duvessa.
Duvessa is lightly wounded.
Duvessa hits you with a +0 short sword. The iguana misses you.
Duvessa hits you with a +0 short sword!
* * * LOW HITPOINT WARNING * * *
Unknown command.
You hit Duvessa.
Duvessa is lightly wounded.
Duvessa hits you with a +0 short sword!
You die...

#... #... .. .##
#...##..# ..
...##...##..# ..
#..........# .#
#####..##......# #.#
#.#.8.....##...##..#
................#e.##..)
......#.........hl......
#.8...................
###...................
#####..................#
......#.............>..#
........#..............#
..#.....................
................[.......
...............#.


You could see Duvessa (berserk, fast) and an iguana.

Vanquished Creatures
  Dowan (D:4)
  A hound (D:3)
  2 scorpion zombies (D:3)
  An adder (D:3)
  A ribbon worm (D:2)
  4 orcs (D:3)
  6 endoplasms
  5 giant cockroaches
  3 goblins
  7 hobgoblins
  3 jackals (D:1)
  6 ball pythons
  4 bats
  3 frilled lizards
  3 kobolds
  3 rats
53 creatures vanquished.

Notes
Turn   | Place    | Note
-------+----------+-------------------------------------------
     0 | D:1      | Ashen the Draconian Shapeshifter began the quest for the
                  | Orb.
     0 | D:1      | Reached XP level 1. HP: 16/16 MP: 1/1
   132 | D:1      | Reached XP level 2. HP: 23/23 MP: 2/2
   392 | D:1      | Found Yxzodejo's Jewellery Shop.
  1015 | D:2      | Reached XP level 3. HP: 25/29 MP: 3/3
  1508 | D:3      | Reached XP level 4. HP: 32/36 MP: 4/4
  1745 | D:3      | Found a runed translucent gate.
  1745 | D:3      | Found a runed translucent gate.
  1745 | D:3      | Found a runed translucent gate.
  1745 | D:3      | Noticed blundermoth's ghost (amateur DEHs)
  1747 | D:3      | Found a basalt altar of Yredelemnul.
  1785 | D:3      | Reached XP level 5. HP: 32/42 MP: 5/5
  2054 | D:3      | Identified the +0 robe "Ciomank" {Stlth+}
  2361 | D:4      | Noticed Dowan
  2362 | D:4      | Noticed Duvessa
  2374 | D:4      | Killed Dowan
  2375 | D:4      | Reached skill level 4 in Unarmed Combat
  2393 | D:4      | Mangled by Duvessa

Illustrated notes

Levels and vault maps discovered:
D:1:      wheals_arrival_linesprint, layout_basic, serial_shops,
          nicolae_shop_tiny_real_fake_doors
D:2:      layout_rooms
D:3:      layout_loops_ring, nicolae_yredelemnul_ghost_church
D:4:      layout_cave_pools, minitemple, uniq_duvessa

Skill      XL: |  1  2  3  4  5 |
---------------+----------------+-----
Dodging        | 2 3 |  3.0
Fighting       | 2 3 |  3.0
Unarmed Combat | 4 |  4.1
Shapeshifting  | |  3.9

Action                     |  1- 3 |  4- 6 || total
---------------------------+-------+-------++-------
  Melee: Unarmed           |    81 |   100 ||   181
         Tailslap          |    14 |     7 ||    21
         Punch             |     2 |     4 ||     6
    Use: Potion            |       |     1 ||     1
 Armour: Skin              |    51 |    66 ||   117
  Dodge: Dodged            |    46 |    48 ||    94
